Map: New Repugnancy LE

Players

Solar - Winner!

  • Race: Zerg Zerg
  • Spawn Location: 1:00

Trust

  • Race: Protoss Protoss
  • Spawn Location: 7:00

Event: IEM Season 13: Katowice (2019)

VOD

Have the link to the VOD?

Description

Time

  • Played on: Feb. 26, 2019, 11:33 a.m.
  • Length: 8:47

All games in this series

Show
View Real Time Build Order
Export as new Build Order

Solar Zerg - Winner!

Build Orders: Hatch First 

Get SALT Encoding   

  12  0:01  Drone  
  13  0:12  Overlord  
  13  0:17  Drone  
  14  0:30  Drone x2  
  16  0:48  Hatchery  
  15  0:51  Drone  
  15  0:55  Drone  
  17  0:58  Drone  
  18  1:09  Extractor  
  17  1:14  Spawning Pool  
  17  1:16  Drone  
  17  1:20  Drone  
  18  1:27  Drone  
  19  1:39  Drone  
  20  1:52  Hatchery  
  20  1:53  Drone  
  20  2:02  Queen  
  20  2:06  Drone  
  23  2:13  Metabolic Boost  
  23  2:16  Drone  
  23  2:19  Drone  
  25  2:24  Overlord  
  25  2:32  Queen  
  25  2:34  Zergling x2  
  28  2:43  Zergling x2  
  28  2:44  Drone x2  
  31  2:48  Queen  
  33  2:52  Drone  
  33  2:56  Zergling x4  
  36  3:04  Queen  
  38  3:05  Zergling x2  
  38  3:08  Overlord  
  38  3:12  Drone  
  40  3:14  Drone  
  40  3:15  Drone  
  41  3:23  Spore Crawler  
  41  3:27  Drone  
  41  3:30  Drone  
  41  3:31  Drone x3  
  46  3:39  Queen  
  48  3:42  Spore Crawler  
  48  3:44  Spore Crawler, Drone  
  47  3:48  Overlord  
  47  3:51  Drone  
  47  3:54  Drone x2  
  49  4:01  Overlord  
  49  4:08  Drone x6  
  54  4:13  Drone  
  54  4:14  Drone  
  54  4:15  Drone  
  57  4:20  Drone x2  
  57  4:23  Overlord  
  59  4:24  Drone  
  60  4:33  Queen  
  60  4:36  Lair  
  60  4:37  Drone x3  
  63  4:39  Drone  
  64  4:46  Roach Warren  
  64  4:47  Extractor  
  64  4:48  Extractor, Drone x3  
  64  4:50  Extractor, Drone x2  
  64  4:52  Overlord  
  65  4:54  Overlord  
  65  4:59  Drone  
  65  5:00  Drone  
  65  5:01  Drone  
  65  5:04  Overlord  
  65  5:12  Zergling x12  
  71  5:16  Drone x2  
  71  5:17  Overlord  
  73  5:27  Roach x5  
  83  5:29  Roach x2  
  83  5:31  Overlord  
  86  5:36  Roach x2  
  86  5:40  Overlord  
  86  5:41  Glial Reconstitution, Drone  
  85  5:43  Overseer  
  85  5:45  Drone  
  85  5:48  Drone  
  87  5:50  Drone  
  87  5:51  Drone x2  
  87  5:53  Roach  
  91  5:57  Roach  
  91  5:58  Overlord  
  91  5:59  Roach  
  91  6:01  Roach x2  
  97  6:07  Roach x3  
  102  6:12  Roach x2  
  102  6:17  Overseer  
  102  6:18  Overlord  
  106  6:21  Roach x2  
  106  6:23  Overlord  
  110  6:26  Roach  
  110  6:28  Overlord  
  110  6:31  Overlord  
  112  6:33  Overlord  
  112  6:36  Overlord  
  112  6:38  Roach  
  113  6:40  Roach x2  
  113  6:42  Roach  
  118  6:47  Ravager  
  118  6:48  Ravager, Zergling x2  
  118  6:49  Zergling x2  
  118  6:52  Roach x3  
  128  6:55  Roach x2  
  128  6:57  Roach  
  128  7:01  Zergling x8  
  136  7:04  Ravager  
  136  7:05  Roach, Zergling x2  
  136  7:06  Zergling x2  
  143  7:09  Roach  
  143  7:11  Overlord  
  144  7:15  Ravager  
  144  7:16  Zergling x4  
  144  7:20  Roach  
  148  7:24  Roach x2, Zergling x4  
  148  7:25  Overlord  
  148  7:26  Zergling x2  
  148  7:29  Roach  
  157  7:31  Roach  
  157  7:33  Roach  
  157  7:35  Roach  
  157  7:36  Roach  
  165  7:41  Roach  
  165  7:42  Roach  
  165  7:43  Roach  
  171  7:44  Overlord  
  171  7:46  Overlord  
  161  7:58  Roach x2  
  161  7:59  Roach  
  161  8:01  Roach x2  
  161  8:03  Zergling x4  
  155  8:06  Queen  
  155  8:08  Roach x2  
  155  8:12  Roach x2  
  148  8:15  Zergling x2  
  148  8:16  Zergling x4  
  148  8:17  Ravager  
  148  8:18  Ravager  
  148  8:19  Zergling x2  
  155  8:20  Zergling x2  
  155  8:25  Zergling x2  
  155  8:26  Zergling x2  
  156  8:30  Ravager  
Show
View Real Time Build Order
Export as new Build Order

Trust Protoss 

Build Orders: 1 Gate Expand, Oracle Opening, Zealot Archon, Archon Drop 

Get SALT Encoding   

  12  0:00  Probe  
  13  0:12  Probe  
  14  0:19  Pylon  
  14  0:24  Probe  
  15  0:33  Probe  
  15  0:40  Gateway  
  15  0:41  Probe  
  16  0:47  Assimilator  
  17  0:51  Probe  
  18  1:03  Probe  
  19  1:15  Probe  
  20  1:26  Nexus  
  20  1:36  Cybernetics Core  
  20  1:39  Probe  
  21  1:46  Assimilator  
  21  1:51  Probe  
  22  1:55  Pylon  
  22  2:03  Adept, Probe  
  26  2:15  Probe  
  26  2:20  Stargate  
  26  2:22  Warp Gate  
  26  2:23  Adept  
  26  2:27  Probe  
  29  2:37  Probe  
  29  2:39  Probe  
  31  2:49  Probe  
  32  2:52  Probe  
  32  2:53  Oracle  
  32  2:56  Adept  
  35  3:01  Probe  
  35  3:04  Probe  
  40  3:08  Pylon  
  40  3:13  Probe  
  40  3:16  Probe  
  42  3:20  Oracle  
  40  3:30  Probe x2  
  43  3:35  Assimilator  
  43  3:36  Adept  
  43  3:39  Assimilator  
  45  3:42  Probe x2  
  47  3:49  Robotics Facility  
  47  3:55  Probe x2  
  49  3:56  Pylon  
  49  4:09  Twilight Council  
  49  4:10  Probe x2  
  51  4:19  Gateway  
  51  4:21  Stalker  
  51  4:22  Gateway  
  53  4:25  Gateway  
  53  4:26  Warp Prism  
  52  4:44  Probe x2  
  54  4:47  Templar Archives  
  54  4:48  Pylon  
  54  5:06  Nexus  
  54  5:08  Pylon  
  54  5:20  Adept x4  
  62  5:23  Pylon  
  62  5:33  Immortal  
  62  5:37  Charge  
  62  5:41  High Templar x4  
  64  5:45  Archon x2  
  68  6:03  Gateway x2  
  68  6:05  Gateway  
  68  6:08  Gateway  
  68  6:14  Immortal  
  68  6:15  Sentry  
  74  6:20  Probe  
  74  6:25  Sentry, Zealot x2  
  81  6:34  Pylon  
  81  6:39  Sentry  
  83  6:46  Observer  
  83  6:51  Sentry, Zealot x2  
  90  7:01  Zealot x3  
  96  7:04  Zealot, Pylon  
  96  7:05  Zealot  
  96  7:06  Pylon  
  100  7:17  Zealot, High Templar x2  
  100  7:20  Pylon, Archon  
  100  7:22  Zealot x3  
  112  7:29  Pylon  
  112  7:34  Probe x3  
  113  7:42  Zealot x2, High Templar x2  
  121  7:46  Zealot  
  121  7:47  Archon  
  121  7:50  Zealot  
  104  8:02  Zealot  
  104  8:03  Zealot x3  
  94  8:08  Zealot  
  66  8:16  Sentry x3  
  66  8:17  Zealot  
  74  8:27  Probe  
  74  8:28  Probe x2  
  74  8:32  Forge  

Tags
 
Add a new tag
Caveats
  • Supply blocks, unpowered buildings, or Contaminate may cause inaccurate times.
  • Supply counts are checked every 10 seconds.